 Dungeon Crawl Stone Soup version 0.30-a0-612-g150a0467c1 (webtiles) character file.

Game seed: 10696018747196914108

2331 Leeroy the Transmogrifier (level 9, -5/64 HPs)
             Began as a Red Draconian Transmuter on Jan 8, 2023.
             Was an Initiate of Wu Jian.
             Slain by an orc warrior
             ... wielding a +0 war axe
              (10 damage)
             ... in a bailey.
             The game lasted 00:14:07 (7128 turns).

Leeroy the Transmogrifier (DrTm)                    Turns: 7128, Time: 00:14:08

Health: -5/64      AC:  9    Str: 12    XL:     9   Next: 19%
Magic:  0/12       EV: 12    Int: 17    God:    Wu Jian [......]
Gold:   196        SH:  0    Dex: 13    Spells: 2/12 levels left

rFire   + . .      SeeInvis +      - Unarmed
rCold   . . .      Faith    .    (no shield)
rNeg    . . .      Spirit   +    (body armour unavailable)
rPois   .          Reflect  .    (helmet restricted)
rElec   .          Harm     .    v - +0 cloak
rCorr   .          Rampage  .    (no gloves)
Will    .....                    q - +0 pair of boots
Stlth   +                        y - amulet of guardian spirit
HPRegen 0.30/turn                x - ring of see invisible
MPRegen 0.13/turn                (no ring)

@: lethally poisoned (-5 -> -6), slowed, very slow
A: breathe fire, AC +7, unfitting armour, fire resistance 1, cold-blooded
a: Breathe Fire, Renounce Religion


You were in a bailey.
You worshipped Wu Jian.
Wu Jian was noncommittal.
You visited 2 branches of the dungeon, and saw 8 of its levels.
You also visited: Sewer and Bailey.

You collected 334 gold pieces.
You spent 138 gold pieces at shops.

Inventory:

Hand Weapons
 o - a +2 heavy quarterstaff
 p - a +1 heavy war axe
Missiles
 j - 3 curare-tipped darts (quivered)
 m - a throwing net
Armour
 c - a scarf of resistance
 q - a +0 pair of boots (worn)
 v - a +0 cloak (worn)
Jewellery
 x - a ring of see invisible (left hand)
 y - an amulet of guardian spirit (around neck)
Wands
 D - a wand of roots (4)
Scrolls
 a - a scroll of poison {unknown}
 b - 4 scrolls of noise
 e - 3 scrolls of immolation
 f - a scroll of teleportation
 g - 3 scrolls of magic mapping
 n - 2 scrolls of amnesia
 r - a scroll of enchant armour
 s - a scroll of brand weapon
 t - 2 scrolls of enchant weapon
 w - a scroll of blinking
 z - a scroll of fear {unknown}
 C - a scroll of identify
Potions
 d - 2 potions of magic
 h - a potion of curing
 k - a potion of brilliance {unknown}
 l - a potion of might {unknown}
 u - 2 potions of attraction {unknown}
 A - 2 potions of resistance {unknown}
 B - a potion of flight {unknown}
 E - a potion of degeneration {unknown}
 F - a potion of haste {unknown}


   Skills:
 - Level 1.1 Fighting
 - Level 0.2 Throwing
 - Level 1.7 Dodging
 + Level 8.1 Unarmed Combat
 - Level 2.0 Spellcasting
 - Level 10.0 Transmutations


You had 2 spell levels left.
You knew the following spells:

 Your Spells              Type           Power      Damage    Failure   Level
a - Beastly Appendage     Tmut           70%        N/A       1%          1
b - Wereblood             Tmut           35%        N/A       1%          2
c - Spider Form           Tmut/Pois      18%        N/A       8%          3
d - Ice Form              Ice/Tmut       18%        N/A       24%         4

Your spell library contained the following spells:

 Spells                   Type           Power      Damage    Failure   Level
 Passwall                 Tmut/Erth      15%        N/A       3%          2
 Necrotise                Necr           4%         1d4       19%         1
 Sandblast                Erth           2%         2d4       19%         1
 Stone Arrow              Conj/Erth      2%         3d7       50%         3
 Tukima's Dance           Hex            1%         N/A       50%         3
 Vampiric Draining        Necr           1%         2d6       50%         3
 Yara's Violent Unravell  Hex/Tmut       9%         3d6       56%         5
 Passage of Golubria      Tloc           1%         N/A       88%         4
 Summon Lightning Spire   Summ/Air       1%         N/A       88%         4
 Agony                    Necr           1%         N/A       99%         5
 Storm Form               Tmut/Air       9%         N/A       100%        7
 Maxwell's Capacitive Co  Air            0%         ∞         100%        8


Dungeon Overview and Level Annotations

Branches:
Dungeon (7/15)             Temple (1/1) D:6           Sewer (visited)
 Bailey (1/1)

Altars:
Ashenzari
Cheibriados
Dithmenos
Fedhas
Gozag
Hepliaklqana
Makhleb
Okawaru
Qazlal
Ru
Sif Muna
Trog
Uskayaw
Wu Jian
Xom
Yredelemnul
Zin
The Shining One

Shops:
D:5 ?


Innate Abilities, Weirdness & Mutations

You can breathe blasts of fire.
Your fiery red scales are hard. (AC +7)
You cannot fit into any form of body armour.
Your flesh is heat resistant. (rF+)
You are cold-blooded and may be slowed by cold attacks.


Message History

You hear a shout! x2
Okay, then.
Okay, then.
Okay, then.
Okay, then.
Your primal bloodlust is almost over.
The kobold brigand throws a poisoned dart.
The poisoned dart hits you!
You are lethally poisoned!
The kobold throws a boomerang.
The boomerang closely misses you.
The kobold brigand throws a poisoned dart.
The poisoned dart hits you!
You are more poisoned.
It was a potion of curing.
You feel better.
You punch the kobold!
You feel a bit better.
You kill the kobold!
The Council accepts your kill.
The kobold throws a boomerang.
The boomerang closely misses you.
The kobold brigand throws a poisoned dart.
The poisoned dart hits you.
You are poisoned.
The kobold throws a boomerang.
The boomerang closely misses you.
You feel sick. The orc warrior barely misses you.
You see here a boomerang.
The orc warrior attacks as you move away!
The orc warrior hits you with a +0 war axe.
* * * LOW HITPOINT WARNING * * *
Your primal bloodlust has ended.
You feel sick.
The orc warrior hits you with a +0 war axe.
* * * LOW HITPOINT WARNING * * *
There is a gate leading back out of this place here.
Press: ? - help, v - describe, . - travel A gate leading back out of this place.
You feel sick.
The orc warrior hits you with a +0 war axe!
* * * LOW HITPOINT WARNING * * *
The orc warrior closely misses you.
The orc warrior hits you with a +0 war axe!
You die...

#...............#
#...............#
##.............##
###.........###
####.KK####
###K### ##..(.K##
#...8.K.#
#∩....o@#
##...Ko## ##''K##
#~....o.
#~~.......
.~~.......~
#~~.......~~
.~~.......~~.
#~~.......K~##


You could see 3 orc warriors, 5 kobold brigands and a kobold.

Vanquished Creatures
  Pikel (D:6)
  4 water moccasins
  Duvessa (D:6)
  2 ogres
  A black bear (D:5)
  2 centaurs (D:6)
  A phantom (D:5)
  A kobold brigand (Bailey)
  A bullfrog (D:7)
  A scorpion (D:6)
  Dowan (D:6)
  A howler monkey (D:4)
  2 hounds (D:5)
  A gnoll bouda (D:6)
  2 orc priests
  Crazy Yiuf (D:4)
  An iron imp (D:5)
  A jelly (D:4)
  Terence (D:3)
  An orc wizard (D:4)
  3 iguanas
  Robin (D:3)
  5 gnolls (D:6)
  4 adders
  A river rat (D:4)
  An ufetubus (D:7)
  2 worms (D:4)
  3 dart slugs
  6 orcs
  7 endoplasms
  2 giant cockroaches
  21 goblins
  10 hobgoblins
  6 jackals
  4 quokkas
  4 ball pythons
  5 bats
  2 frilled lizards
  11 kobolds
  4 rats
129 creatures vanquished.

Notes
Turn   | Place    | Note
-------+----------+-------------------------------------------
     0 | D:1      | Leeroy the Draconian Transmuter began the quest for the
                  | Orb.
     0 | D:1      | Reached XP level 1. HP: 16/16 MP: 3/3
   209 | D:1      | Reached XP level 2. HP: 23/23 MP: 5/5
   660 | D:1      | Learned a level 2 spell: Wereblood
  1297 | D:2      | Reached XP level 3. HP: 27/28 MP: 4/6
  1970 | D:3      | Noticed Robin
  1993 | D:3      | Killed Robin
  1994 | D:3      | Reached skill level 5 in Unarmed Combat
  1994 | D:3      | Reached XP level 4. HP: 31/35 MP: 5/7
  2043 | D:3      | Noticed a water moccasin
  2063 | D:3      | Killed a water moccasin
  2064 | D:3      | Reached XP level 5. HP: 17/40 MP: 8/8
  2495 | D:3      | Noticed Terence
  2510 | D:3      | Killed Terence
  2517 | D:3      | Learned a level 3 spell: Spider Form
  3205 | D:4      | Reached XP level 6. HP: 40/47 MP: 9/9
  3284 | D:4      | Found a stormy altar of Qazlal.
  3440 | D:4      | Found a glowing drain.
  3492 | Sewer    | Entered a sewer
  3558 | Sewer    | Noticed a water moccasin
  3568 | Sewer    | Killed a water moccasin
  3569 | Sewer    | Reached skill level 3 in Transmutations
  3801 | D:4      | Identified the +7 chain mail of Plog {Rampage}
  3866 | D:4      | Reached skill level 4 in Transmutations
  3866 | D:4      | Your scales start taking on a fiery red colour.
  3866 | D:4      | Reached XP level 7. HP: 38/52 MP: 7/10
  3866 | D:4      | Gained mutation: Your flesh is heat resistant. (rF+) [Red
                  | Draconian growth]
  4033 | D:4      | Found a runed translucent door.
  4034 | D:4      | Noticed Crazy Yiuf
  4039 | D:4      | Killed Crazy Yiuf
  4156 | D:5      | Entered Level 5 of the Dungeon
  4163 | D:5      | Found a sacrificial altar of Ru.
  4242 | D:5      | Found a snail-covered altar of Cheibriados.
  4290 | D:5      | Found Feutterr's Magic Scroll Boutique.
  4298 | D:5      | Bought a scroll of identify for 24 gold pieces
  4298 | D:5      | Bought a scroll of identify for 24 gold pieces
  4298 | D:5      | Bought a scroll of magic mapping for 90 gold pieces
  4394 | D:5      | Reached skill level 5 in Transmutations
  4528 | D:5      | Reached skill level 6 in Transmutations
  5248 | D:6      | Noticed Dowan
  5304 | D:6      | Reached XP level 8. HP: 59/59 MP: 11/11
  5361 | D:6      | Reached skill level 7 in Transmutations
  5674 | D:6      | Noticed Pikel
  5678 | D:6      | Killed Pikel
  5679 | D:6      | Reached skill level 9 in Transmutations
  5840 | D:6      | Noticed Duvessa
  5886 | D:6      | Killed Dowan
  6054 | D:6      | Found a staircase to the Ecumenical Temple.
  6067 | Temple   | Entered the Ecumenical Temple
  6079 | Temple   | Became a worshipper of the Wu Jian Council
  6333 | D:6      | Killed Duvessa
  6572 | D:6      | Reached skill level 10 in Transmutations
  6572 | D:6      | Reached XP level 9. HP: 56/64 MP: 9/12
  6577 | D:6      | Learned a level 4 spell: Ice Form
  6883 | D:7      | Found a glowing silver altar of Zin.
  7023 | D:7      | Found a flagged portal.
  7069 | Bailey   | Entered a bailey
  7109 | Bailey   | Found a bloodstained altar of Trog.
  7128 | Bailey   | Slain by an orc warrior

Illustrated notes

Levels and vault maps discovered:
D:1:      dpeg_arrival_line_fractal, layout_basic
D:2:      layout_loops_cross
D:3:      layout_basic, uniq_terence, uniq_robin
D:4:      layout_cave_pools, nicolae_qazlal_eye_of_the_storm,
          gup_sewer_entry_bowl, uniq_crazy_yiuf_cottage
D:5:      nicolae_cairo_tiling_large_dashed, layout_gridville, slow_altar_2,
          nicolae_ru_sacrificial_ziggurat, serial_co_window_serial,
          co_window_corner_a, co_window_paths_b, co_window_paths_a,
          co_window_paths_b, co_window_of_opportunity_a, co_window_paths_a,
          co_window_corner_b, co_window_broadway_a, co_window_of_opportunity_b,
          co_window_corner_ca, co_window_corner_b, glass_columns_b,
          glass_columns_a, glass_columns_a, glass_columns_a, serial_shops,
          nicolae_shop_advertising_works [nicolae_subvault_shop_adworks],
          mrwooster_statue_mirror
D:6:      layout_basic, minmay_temple_entry_glassed_door, due_unseen_surprise,
          uniq_pikel, uniq_duvessa
D:7:      layout_loops_ring, mainiacjoe_overflow_six_doors_small,
          lemuel_doored_altar, enter_bailey_3
Temple:   nicolae_temple_ecumenical_triangle
Bailey:   bailey_axe_3, bailey

Skill      XL: |  1  2  3  4  5  6  7  8  9 |
---------------+----------------------------+-----
Unarmed Combat | 4 5 6 7 8 |  8.1
Transmutations | 4 6 10 | 10.0
Fighting       | |  1.1
Throwing       | |  0.2
Dodging        | |  1.7
Spellcasting   | |  2.0

Action                   |  1- 3 |  4- 6 |  7- 9 || total
-------------------------+-------+-------+-------++-------
Melee: Unarmed           |   152 |   158 |   179 ||   489
       Punch             |     4 |     6 |     8 ||    18
       Tailslap          |    17 |    14 |    22 ||    53
       Kick              |     9 |     3 |     4 ||    16
       Headbutt          |     2 |     1 |     2 ||     5
Throw: Dart              |       |     3 |       ||     3
 Cast: Beastly Appendage |     5 |     3 |     2 ||    10
       Wereblood         |     1 |       |     1 ||     2
       Spider Form       |       |     3 |     1 ||     4
Invok: Lunge             |       |       |     2 ||     2
 Abil: Breathe Fire      |       |       |    13 ||    13
  Use: Potion            |       |     2 |     4 ||     6
       Scroll            |       |     3 |    10 ||    13
 Stab: Sleeping          |       |     4 |       ||     4
Armor: Skin              |    32 |    45 |    79 ||   156
Dodge: Dodged            |    95 |   107 |   161 ||   363

Table legend: (Time is in decaauts)
 A = Elapsed time spent in this place.
 B = Non-inter-level travel time spent in this place.
 C = Inter-level travel time spent in this place.
 D = Time resting spent in this place.
 E = Time spent auto-exploring this place.
 F = Levels seen in this place.
 G = Mean time per level.
                   A        B        C        D        E       F      G
               +--------+--------+--------+--------+--------+-----+--------+
         Total |   7107 |   6758 |    349 |    964 |   4299 |  10 |  710.7 |
       Dungeon |   6702 |   6376 |    326 |    820 |   4213 |   7 |  957.4 |
        Temple |     45 |     22 |     23 |      0 |     16 |   1 |   45.0 |
         Sewer |    289 |    289 |      0 |    144 |     69 |   1 |  289.0 |
        Bailey |     69 |     69 |      0 |      0 |      0 |   1 |   69.0 |
               +--------+--------+--------+--------+--------+-----+--------+

Top non-repeatable levels by time:
     D:3: 1279 daAuts
     D:6: 1262 daAuts
     D:1: 1247 daAuts
     D:5: 1160 daAuts
     D:4: 675 daAuts
     D:2: 654 daAuts
     D:7: 423 daAuts
   Sewer: 289 daAuts
  Bailey: 69 daAuts
  Temple: 45 daAuts
